 Dungeon Crawl Stone Soup version 0.29-a0-721-g7f417c9bbb (webtiles) character file.

Game seed: 2302397872401940285

476 crusatyr the Caliginous (level 6, -1/47 HPs)
             Began as a Demonspawn Monk on June 27, 2022.
             Was a Priest of Dithmenos.
             Slain by a black bear (5 damage)
             ... on level 4 of the Dungeon.
             The game lasted 00:12:31 (5482 turns).

crusatyr the Caliginous (Demonspawn Monk)           Turns: 5482, Time: 00:12:31

Health: -1/47      AC: 16    Str: 11    XL:     6   Next: 85%
Magic:  9/9        EV:  5    Int: 12    God:    Dithmenos [***...]
Gold:   287        SH:  0    Dex: 17    Spells: 5/5 levels left

rFire   . . .      SeeInvis .   t - +1 dagger (vamp)
rCold   + . .      Faith    .   (no shield)
rNeg    + . .      Spirit   .   x - +1 chain mail {rC+}
rPois   .          Reflect  .   v - +0 helmet
rElec   .          Harm     .   (no cloak)
rCorr   .          Rampage  .   G - +0 pair of gloves
Will    .....                   n - +2 pair of boots
Stlth   ..........              (no amulet)
HPRegen 0.15/turn               i - ring of positive energy
MPRegen 0.11/turn               (no ring)

@: mighty, wreathed by umbra
A: hooves 1, yellow scales 1, ignite blood 1, powered by death 1
a: Renounce Religion, Shadow Step


You were on level 4 of the Dungeon.
You worshipped Dithmenos.
Dithmenos was most pleased with you.
You visited 2 branches of the dungeon, and saw 7 of its levels.

You collected 287 gold pieces.

Inventory:

Hand Weapons
 t - a +1 vampiric dagger (weapon)
 H - a +0 double sword
Missiles
 d - 40 stones (quivered)
 y - a throwing net
Armour
 b - a +0 robe
 k - a +0 plate armour
 n - a +2 pair of boots (worn)
 v - a +0 helmet (worn)
 x - a +1 chain mail of cold resistance (worn)
 G - a +0 pair of gloves (worn)
Jewellery
 i - a ring of positive energy (left hand)
 l - a ring of flight
Wands
 m - a wand of polymorph (10)
 z - a wand of paralysis (4)
Scrolls
 e - a scroll of teleportation
 j - 2 scrolls of identify
 D - a scroll of enchant weapon {unknown}
 E - a scroll of fear {unknown}
 F - a scroll of brand weapon {unknown}
Potions
 c - a potion of ambrosia
 g - 2 potions of lignification {unknown}
 h - 2 potions of attraction
 o - a potion of invisibility {unknown}
 p - 3 potions of curing {unknown}
 q - a potion of experience {unknown}
 r - a potion of mutation {unknown}
 s - 3 potions of heal wounds {unknown}
 u - a potion of resistance
 w - a potion of magic {unknown}
 B - 2 potions of degeneration {unknown}
 C - a potion of haste {unknown}


   Skills:
 - Level 3.0 Fighting
 + Level 3.7(4.3) Short Blades
 - Level 3.2(4.1) Long Blades
 - Level 2.6 Dodging
 + Level 4.1 Stealth
 * Level 4.2 Invocations
 + Level 0.9 Evocations


You had 5 spell levels left.
You didn't know any spells.
Your spell library contained the following spells:

 Spells                   Type           Power      Damage    Failure   Level
 Slow                     Hex            0%         N/A       100%        1
 Confusing Touch          Hex            0%         N/A       100%        3
 Conjure Flame            Conj/Fire      0%         6-21      100%        3
 Gell's Gravitas          Tloc           0%         N/A       100%        3
 Ignite Poison            Fire/Tmut/Pois 0%         N/A       100%        3
 Lesser Beckoning         Tloc           0%         N/A       100%        3
 Teleport Other           Tloc           0%         N/A       100%        3
 Vampiric Draining        Necr           0%         2d6       100%        3
 Sticky Flame             Conj/Fire      0%         2d3       100%        4


Dungeon Overview and Level Annotations

Branches:
Dungeon (6/15)             Temple (1/1) D:5

Altars:
Cheibriados
Dithmenos
Elyvilon
Fedhas
Hepliaklqana
Makhleb
Okawaru
Ru
Sif Muna
Trog
Uskayaw
Vehumet
Wu Jian
Xom
Yredelemnul
Zin

Shops:
D:1 [


Innate Abilities, Weirdness & Mutations

You have large cloven feet.
You are partially covered in yellow scales. (AC +2)
Your demonic aura sometimes causes spilled blood to erupt in flames.
You regenerate a little health from kills.


Message History

You hit the black bear.
The black bear is lightly wounded.
The black bear bites you but does no damage.
The black bear claws you but does no damage. x2
You barely miss the black bear.
The black bear is lightly wounded.
The black bear barely misses you.
The black bear claws you but does no damage.
The black bear claws you.
* * * LOW HITPOINT WARNING * * *
You hit the black bear.
The black bear is lightly wounded.
You hit the black bear but do no damage.
The black bear is lightly wounded.
The black bear bites you but does no damage.
The black bear claws you but does no damage.
The black bear barely misses you.
The black bear bites you but does no damage.
The black bear claws you.
* * * LOW HITPOINT WARNING * * *
The black bear claws you but does no damage.
There is an open door here.
There is an escape hatch in the ceiling here.
The black bear bites you!
* * * LOW HITPOINT WARNING * * *
The black bear claws you but does no damage.
The black bear claws you.
* * * LOW HITPOINT WARNING * * *
A mysterious force pulls you upwards. The hatch slams shut behind you.
You feel very mighty all of a sudden.
The black bear bites you but does no damage.
The black bear claws you but does no damage. x2
You barely miss the black bear.
The black bear is lightly wounded.
The black bear barely misses you.
The black bear claws you but does no damage. x2
You closely miss the black bear.
The black bear is lightly wounded.
The black bear bites you.
You die...

.........#....###.#.###...#......
########.#........#.#......######
#.##########.#.####.#.....
#####.......#...........#.####
####....######.#..#.#<.......# #.
........# #.##.#.#.##########.
........# #....#.#..........'.
........###########.##......####.
........'.......@...#.......+..'.
........###....h<..##.....[.####.
........# #........##.......# #.
........# #........##.......# ##
####....# #........##.......#
#....# #........##.####### ######
######'####.# #........#
##########


You could see a black bear.

Vanquished Creatures
  A phantom (D:5)
  A bullfrog (D:4)
  A hound (D:5)
  Natasha (twice) (D:4)
  2 iguanas (D:4)
  Robin (D:4)
  5 adders
  A gnoll (D:3)
  A white imp (D:5)
  An ufetubus (D:4)
  2 worms (D:3)
  4 dart slugs
  10 orcs
  4 bats
  11 endoplasms
  4 giant cockroaches (D:4)
  12 goblins
  13 hobgoblins
  4 jackals (D:2)
  5 quokkas
  8 ball pythons
  5 frilled lizards
  5 kobolds
  4 rats
107 creatures vanquished.

Vanquished Creatures (others)
  3 fungi (D:2)
  4 toadstools (D:2)
7 creatures vanquished.

Grand Total: 114 creatures vanquished

Notes
Turn   | Place    | Note
-------+----------+-------------------------------------------
     0 | D:1      | crusatyr the Demonspawn Monk began the quest for the Orb.
     0 | D:1      | Reached XP level 1. HP: 18/18 MP: 1/1
   358 | D:1      | Found Rirenuc's Armour Boutique.
   389 | D:1      | Gained mutation: You regenerate a little health from kills.
                  | [demonic ancestry]
   389 | D:1      | Reached XP level 2. HP: 8/24 MP: 2/2
  1361 | D:2      | Reached skill level 1 in Short Blades
  1381 | D:2      | Found a sacrificial altar of Ru.
  1412 | D:2      | Gained mutation: Your demonic aura sometimes causes spilled
                  | blood to erupt in flames. [demonic ancestry]
  1412 | D:2      | Reached XP level 3. HP: 25/29 MP: 3/3
  1621 | D:2      | Found a faded altar of an unknown god.
  2567 | D:3      | Gained mutation: You are partially covered in yellow
                  | scales. (AC +2) [demonic ancestry]
  2567 | D:3      | Reached XP level 4. HP: 35/35 MP: 4/4
  2890 | D:3      | You fall into a shaft and drop 3 floors!
  2941 | D:5      | Entered Level 5 of the Dungeon
  2970 | D:5      | Found a staircase to the Ecumenical Temple.
  2979 | Temple   | Entered the Ecumenical Temple
  3250 | Temple   | Became a worshipper of Dithmenos the Shadowed
  3250 | Temple   | Reached * piety under Dithmenos
  3250 | Temple   | Reached ** piety under Dithmenos
  3326 | D:5      | Noticed a phantom
  3356 | D:4      | Reached XP level 5. HP: 29/41 MP: 5/5
  3735 | D:4      | Reached skill level 1 in Invocations
  3956 | D:4      | Noticed Robin
  4016 | D:4      | Gained mutation: You have large cloven feet. [demonic
                  | ancestry]
  4016 | D:4      | Reached XP level 6. HP: 47/47 MP: 7/7
  4056 | D:4      | Killed Robin
  4407 | D:4      | Noticed Natasha
  4434 | D:4      | Killed Natasha
  4665 | D:4      | Noticed Natasha
  4698 | D:4      | Killed Natasha
  4947 | D:3      | Reached *** piety under Dithmenos
  5482 | D:4      | Slain by a black bear

Illustrated notes

Levels and vault maps discovered:
D:1:      minmay_arrival_open_corners, layout_basic, serial_shops,
          nicolae_shop_crystal, hangedman_decor_diamond_cutter,
          minmay_statues_item
D:2:      layout_basic, shapermc_ecumenical_altar_mp_highgroup, basic_altar,
          minmay_gold_behind_fungi, kennysheep_generic_room_6
D:3:      layout_loops_ring, minmay_quadrilaterals
D:4:      layout_basic, gup_sewer_entry_glass, uniq_natasha, uniq_robin
D:5:      layout_gridville, minmay_temple_entry_poolview
D:6:      layout_basic, gammafunk_ghost_cemetery, lightli_minifort
Temple:   regret_index_temple_waves

Skill      XL: |  1  2  3  4  5  6 |
---------------+-------------------+-----
Stealth        | 2 3 4 |  4.1
Long Blades    | 3 |  3.2
Short Blades   | 1 2 3 |  3.7
Invocations    | 2 4 |  4.2
Fighting       | |  3.0
Dodging        | |  2.6
Evocations     | |  0.9

Action                   |  1- 3 |  4- 6 || total
-------------------------+-------+-------++-------
Melee: Falchion          |    38 |       ||    38
       Dagger            |   143 |   454 ||   597
       Punch             |     2 |     2 ||     4
Throw: Stone             |     1 |       ||     1
  Use: Potion            |       |     2 ||     2
       Scroll            |       |     7 ||     7
 Stab: Sleeping          |     6 |       ||     6
Armor: Robe              |     3 |       ||     3
       Leather armour    |    36 |       ||    36
       Ring mail         |    20 |       ||    20
       Chain mail        |     1 |   294 ||   295
Dodge: Dodged            |    93 |   120 ||   213

Table legend: (Time is in decaauts)
 A = Elapsed time spent in this place.
 B = Non-inter-level travel time spent in this place.
 C = Inter-level travel time spent in this place.
 D = Time resting spent in this place.
 E = Time spent auto-exploring this place.
 F = Levels seen in this place.
 G = Mean time per level.
                   A        B        C        D        E       F      G
               +--------+--------+--------+--------+--------+-----+--------+
         Total |   5403 |   5296 |    107 |      0 |   3902 |   7 |  771.9 |
       Dungeon |   5100 |   5020 |     80 |      0 |   3689 |   6 |  850.0 |
        Temple |    302 |    275 |     27 |      0 |    213 |   1 |  302.0 |
               +--------+--------+--------+--------+--------+-----+--------+

Top non-repeatable levels by time:
     D:4: 1392 daAuts
     D:1: 1361 daAuts
     D:2: 1114 daAuts
     D:3: 919 daAuts
  Temple: 302 daAuts
     D:5: 262 daAuts
     D:6: 50 daAuts
